 Dungeon Crawl Stone Soup version 0.22-a0-469-gf26638a (webtiles) character file.

30 4thArraOfDagon the Digger (level 3, -2/16 HPs)
             Began as a Spriggan Earth Elementalist on June 12, 2018.
             Slain by an orc
             ... wielding a +0 flail
              (8 damage)
             ... on level 3 of the Dungeon.
             The game lasted 00:01:12 (178 turns).

4thArraOfDagon the Digger (SpEE)                     Turns: 178, Time: 00:01:13

Health: -2/16      AC:  2    Str:  4    XL:     3   Next: 3%
Magic:  2/8        EV: 18    Int: 17    God:
Gold:   3          SH:  0    Dex: 16    Spells: 7/8 levels left

rFire    + . .     SeeInvis +   (weapon restricted)
rCold    + . .     Gourm    .   (shield restricted)
rNeg     . . .     Faith    .   c - +0 robe
rPois    +         Spirit   .   (helmet restricted)
rElec    +         Reflect  .   (no cloak)
rCorr    +         Harm     .   (gloves unavailable)
MR       .....                  (boots unavailable)
Stlth    ++........             (no amulet)
HPRegen  0.05/turn              (no ring)
MPRegen  0.11/turn              (no ring)

@: resistant, very quick
A: very small, unfitting armour, see invisible, herbivore, speed 3, slow
metabolism 2
a: no special abilities


You were on level 3 of the Dungeon.
You were not hungry.

You visited 1 branch of the dungeon, and saw 3 of its levels.

You collected 3 gold pieces.

Inventory:

Missiles
 b - 15 stones (quivered)
Armour
 c - a +0 robe (worn)
Wands
 e - a wand of clouds (3)
Scrolls
 f - 2 scrolls of identify {unknown}
Potions
 a - a potion of resistance
Comestibles
 d - a ration


   Skills:
 - Level 3.0 Dodging
 - Level 3.0 Stealth
 + Level 3.3 Spellcasting
   Level 1.3 Transmutations
 * Level 3.5 Earth Magic


You had 7 spell levels left.
You knew the following spells:

 Your Spells              Type           Power        Failure   Level  Hunger
a - Sandblast             Erth           ##....       4%          1    None

Your spell library contained the following spells:

 Spells                   Type           Power        Failure   Level  Hunger
 Stone Arrow              Conj/Erth      #.....       24%         3    ###....
 Passwall                 Tmut/Erth      ##......     10%         2    ##.....
 Lee's Rapid Deconstruct  Erth           ##........   73%         5    ######.
 Petrify                  Tmut/Erth      ##......     52%         4    ####...


Dungeon Overview and Level Annotations

Branches:
Dungeon (3/15)

Altars:


Innate Abilities, Weirdness & Mutations

You are very small and have problems with some larger weapons.
You are too small for most types of armour.
You have supernaturally acute eyesight. (SInv)
You are a herbivore.
You cover ground extremely quickly.
You need to consume almost no food.


Message History

The orc completely misses you.
Unknown command.
Unknown command.
Unknown command.
There is an open door here.
The goblin shouts!
You hear a shout! 2 orcs come into view.
The goblin closely misses you.
Casting: Sandblast (safe; 4% risk of failure)
Confirm with . or Enter, or press ? or * to list all spells.
Aiming: Sandblast (safe; 4% risk of failure)
Press: ? - help, Shift-Dir - straight line, f - goblin
Aim: a goblin The blast of sand hits the goblin.
You kill the goblin!
b - 15 stones Unknown command.
The orc hits you with a flail!
Ouch! That really hurt!
You die...

############
#...[......#
#..o.......#
#..........#
######o.........##
#...oo.[.....(..'.
##
#@####oo.......(##
...#####o##
####...(####
..........# #....#
..........# #....#
.........o# #...(#
...#####'## #....#
## #.# #....# #.#
###### #.#


You could see 5 orcs.

Vanquished Creatures
  Ijyb (D:3)
  2 bats (D:3)
  A goblin (D:3)
  A hobgoblin (D:3)
5 creatures vanquished.

Notes
Turn   | Place    | Note
-------+----------+-------------------------------------------
     0 | D:1      | 4thArraOfDagon the Spriggan Earth Elementalist began the quest for the Orb.
     0 | D:1      | Reached XP level 1. HP: 9/9 MP: 5/5
   104 | D:3      | Noticed Ijyb
   150 | D:3      | Killed Ijyb
   150 | D:3      | Reached XP level 2. HP: 6/13 MP: 1/7
   150 | D:3      | Reached XP level 3. HP: 7/16 MP: 1/8
   178 | D:3      | Slain by an orc

Vault maps used:
D:1:      lemuel_arrival_broad_hall
D:2:      gammafunk_temple_overflow_wave, first_ration, uniq_jessica
D:3:      uniq_ijyb

Skill      XL: |  1 |
---------------+----+-----
Spellcasting   | 3 |  3.3
Earth Magic    | 3 |  3.5
Dodging        | |  3.0
Stealth        | |  3.0
Transmutations | |  1.3

Action                   || total
-------------------------++-------
Melee: Unarmed           ||     6
 Cast: Sandblast         ||    15
  Use: Potion            ||     2
Armor: Robe              ||     1
Dodge: Dodged            ||    23

Table legend:
 A = Spawn XP
 B = Non-spawn XP
 C = Spawn XP percentage of total XP
 D = Spawn monster count
 E = Non-spawn monster count
 F = Spawn count percentage of total count
 G = Total turns spent on level
                    A         B        C        D         E        F      G
               +---------+---------+-------+---------+---------+-------+---------
         Total |       0 |      43 |   0.0 |       0 |       5 |   0.0 |   178
               +---------+---------+-------+---------+---------+-------+---------
           D:3 |       0 |      43 |   0.0 |       0 |       5 |   0.0 |   118
               +---------+---------+-------+---------+---------+-------+---------
